 Dungeon Crawl Stone Soup version 0.26-a0-163-g6c8a0bf695 (webtiles) character file.

Game seed: 1652206846477425491

130421 Gargoyl the Envoy of Void (level 16, -5/134 HPs)
             Began as a Centaur Abyssal Knight on July 2, 2020.
             Was a High Priest of Lugonu.
             Slain by a +0 war axe (9 damage)
             ... on level 1 of the Spider Nest on July 3, 2020.
             The game lasted 00:57:21 (42573 turns).

Gargoyl the Envoy of Void (Centaur Abyssal Knight) Turns: 42573, Time: 00:57:21

Health: -5/134     AC: 22    Str: 21    XL:     16   Next: 52%
Magic:  23/26      EV: 10    Int: 13    God:    Lugonu [*****.]
Gold:   2264       SH: 24    Dex: 22    Spells: 15/15 levels left

rFire    . . .     SeeInvis +   d - +3 hand axe (elec)
rCold    + . .     Faith    .   X - +0 tower shield
rNeg     . . .     Spirit   .   V - +1 plate armour {rPois}
rPois    +         Reflect  +   W - +2 hat {SInv}
rElec    +         Harm     .   N - +1 cloak of Starlight {rElec rC+ EV+4 Stlth--}
rCorr    .                      Q - +2 pair of gloves
MR       +....                  (no barding)
Stlth    ..........             w - amulet of reflection
HPRegen  0.32/turn              y - +6 ring of dexterity
MPRegen  0.20/turn              m - +6 ring of dexterity

@: very quick
A: large, hooves 3, clever 1, deformed body, speed 2, tough skin 3, subdued
magic 1
a: Depart the Abyss, Bend Space, Banish, Corrupt, Enter the Abyss, Renounce
Religion


You were on level 1 of the Spider Nest.
You worshipped Lugonu.
Lugonu was extremely pleased with you.
You were near starving.

You visited 5 branches of the dungeon, and saw 26 of its levels.
You visited the Abyss 2 times.
You also visited: Sewer and Ice Cave.

You collected 2623 gold pieces.
You spent 359 gold pieces at shops.

Inventory:

Hand Weapons
 a - a +1 hand axe
 d - a +3 hand axe of electrocution (weapon)
 z - a +3 war axe
 R - a +0 hand axe of flaming
Missiles
 M - 6 silver javelins (quivered)
 P - 4 javelins
Armour
 N - the +1 cloak of Starlight (worn) {rElec rC+ EV+4 Stlth--}
   (You found it on level 6 of the Lair of Beasts)

   It affects your evasion (+4).
   It protects you from cold.
   It insulates you from electricity.
   It makes you much less stealthy.
 Q - a +2 pair of gloves (worn)
 V - a +1 plate armour of poison resistance (worn)
 W - a +2 hat of see invisible (worn)
 X - a +0 tower shield (worn)
Jewellery
 m - a +6 ring of dexterity (right hand)
 o - an uncursed ring of flight
 t - an uncursed ring of protection from cold
 w - an amulet of reflection (around neck)
 y - a +6 ring of dexterity (left hand)
 B - a +4 ring of protection
 F - an uncursed ring of resist corrosion
 G - an uncursed ring of see invisible
 I - an uncursed ring of protection from cold
 J - an uncursed ring of wizardry
 K - an uncursed amulet of regeneration
 Y - an uncursed ring of protection from magic
Wands
 e - a wand of random effects (18)
 g - a wand of paralysis (21)
 h - a wand of iceblast (26)
 l - a wand of clouds (14)
 q - a wand of polymorph (20)
 r - a wand of disintegration (42)
 x - a wand of enslavement (32)
 A - a wand of acid (30)
 O - a wand of digging (5)
 U - a wand of flame (16)
Scrolls
 b - 2 scrolls of magic mapping
 f - 4 scrolls of fear
 i - 5 scrolls of teleportation
 j - 16 scrolls of remove curse
 k - 6 scrolls of blinking
 n - 2 scrolls of identify
 u - a scroll of enchant armour
 D - a scroll of fog
Potions
 p - 4 potions of haste
 s - 2 potions of brilliance
 v - 3 potions of curing
 C - 5 potions of flight
 E - a potion of magic
 H - 7 potions of stabbing
 L - a potion of invisibility
 S - 2 potions of might
Comestibles
 c - 44 rations


   Skills:
 + Level 10.2 Fighting
 + Level 13.2 Axes
 + Level 2.7 Throwing
 * Level 11.7 Armour
 + Level 4.8 Dodging
 * Level 11.3 Shields
 * Level 13.3 Invocations


You had 15 spell levels left.
You didn't know any spells.
Your spell library contained the following spells:

 Spells                   Type           Power        Failure   Level  Hunger
 Sandblast                Erth           #.....       100%        1    ##.....
 Shock                    Conj/Air       #...         100%        1    ##.....
 Sting                    Tmut/Pois      #...         100%        1    ##.....
 Summon Butterflies       Summ           #.......     100%        1    ##.....
 Passwall                 Tmut/Erth      #.......     100%        2    ###....
 Call Canine Familiar     Summ           #.......     100%        3    ####...
 Confusing Touch          Hex            #.......     100%        3    ####...
 Gell's Gravitas          Tloc           #.........   100%        3    ####...
 Stone Arrow              Conj/Erth      #.....       100%        3    ####...
 Airstrike                Air            #.........   100%        4    #####..
 Petrify                  Tmut/Erth      #.......     100%        4    #####..
 Summon Ice Beast         Ice/Summ       #.......     100%        4    #####..
 Bolt of Magma            Conj/Fire/Erth #.........   100%        5    ######.
 Iskenderun's Battlesphe  Conj/Chrm      #.......     100%        5    ######.
 Lee's Rapid Deconstruct  Erth           #.........   100%        5    ######.
 Metabolic Englaciation   Hex/Ice        #.........   100%        5    ######.
 Silence                  Hex/Air        #.........   100%        5    ######.
 Summon Mana Viper        Hex/Summ       #.......     100%        5    ######.
 Yara's Violent Unravell  Hex/Tmut       #.........   100%        5    ######.
 Conjure Ball Lightning   Conj/Air       #.........   100%        6    #######
 Iron Shot                Conj/Erth      #.........   100%        6    #######
 Orb of Destruction       Conj           #.........   100%        7    #######
 Spellforged Servitor     Conj/Summ      #.........   100%        7    #######
 Summon Hydra             Summ           #.........   100%        7    #######


Dungeon Overview and Level Annotations

Branches:
Dungeon (15/15)            Temple (0/1) D:5            Lair (6/6) D:10
 Shoals (2/4) Lair:4       Spider (1/4) Lair:4        Slime (0/5) Lair:6
    Orc (2/2) D:12            Elf (0/3) Orc:2        Vaults (0/5) D:14
 Depths (0/5) D:15          Sewer (visited)           IceCv (visited)

Altars:
Ashenzari
Nemelex Xobeh
Okawaru
Trog
Beogh
Jiyva

Shops:
D:9 ?   D:12 :   Orc:2 [(*?

Annotations:
Shoals:2 2 transporters
Abyss:1 endorz's ghost, journeyman FeFi


Innate Abilities, Weirdness & Mutations

You have hooves in place of feet.
Armour fits poorly on your strangely shaped body.
You cover ground very quickly.
You have extremely tough skin. (AC +3)
Your mind is acute. (Int +2)
Your spells are a little easier to cast, but a little less powerful.


Message History

The +0 war axe is severely damaged.
You block the +0 war axe's attack.
You hit the +0 war axe but do no damage.
You kick the +0 war axe, but do no damage.
The +0 war axe is severely damaged.
The +0 war axe hits you but does no damage.
You miss the +0 war axe. Your kick misses the +0 war axe.
The +0 war axe is severely damaged.
You hit the +0 war axe. Your kick misses the +0 war axe.
The +0 war axe is severely damaged.
You block the +0 war axe's attack.
You miss the +0 war axe.
You kick the +0 war axe, but do no damage.
The +0 war axe is severely damaged.
The +0 war axe hits you.
* * * LOW HITPOINT WARNING * * *
You miss the +0 war axe. You kick the +0 war axe!
The +0 war axe is almost destroyed.
The +0 war axe hits you!
You die...

.##.#.†.# ##
.#.#†.†.## [#
.#..#.>..# .##
..#.....#######+##..##
#...##......^#...#($(#
.#...........'..^8s./#
..#....^#....#)..#s/.#
.#...##..######'## #
...#....)##..^†(@#
#....#.#.#[.....%+
..##.#...##.....^#
...#..^..#####..^#
.#...##...#..#...#
..##.....#...#...#
#....#.....#.##[##
..#.....#....######
#...##..#....#...^#


You could see a +0 war axe.

Vanquished Creatures
  Jorgrun (Shoals:2)
  Rupert (D:14)
  Frances (D:12)
  Gastronok (Lair:1)
  Louise (D:15)
  An emperor scorpion (Spider:1)
  An orc warlord (Orc:1)
  A white draconian (IceCv)
  Josephine (D:14)
  A vault guard (D:14)
  An ogre mage (D:15)
  Erolcha (D:12)
  Harold (D:7)
  4 centaur warriors
  2 merfolk avatars
  3 catoblepae (Lair:6)
  A merfolk aquamancer (Shoals:2)
  6 dancing weapons
  7 two-headed ogres
  4 death yaks (Lair:6)
  A tengu warrior (D:10)
  Urug (Orc:1)
  7 orc high priests
  7 sea snakes
  5 unseen horrors
  A necromancer (D:14)
  An orc knight (D:15)
  13 ugly things
  8 harpies (Shoals:1)
  8 manticores
  3 wolf spiders (Spider:1)
  A cyclops (D:15)
  An orc sorcerer (Orc:2)
  21 elephants
  Maurice (D:9)
  3 merfolk sirens
  3 black mambas
  2 ice statues (IceCv)
  A gargoyle (D:12)
  2 water nymphs (Shoals:2)
  6 spiny frogs
  A demonic crawler (Spider:1)
  2 rime drakes
  A kobold demonologist (D:13)
  7 komodo dragons
  7 merfolk
  An efreet (D:14)
  4 jumping spiders (Spider:1)
  14 polar bears
  8 trolls
  18 blink frogs
  3 wind drakes (Shoals:2)
  5 snapping turtles
  12 redbacks (Spider:1)
  6 hippogriffs
  10 tarantellas (Spider:1)
  41 yaks
  4 wraiths
  2 vampires
  A basilisk (Lair:4)
  4 wyverns
  22 humans (D:14)
  4 water elementals
  A fire elemental (D:14)
  2 hungry ghosts
  3 vampire mosquitoes (D:14)
  8 wargs
  An acid dragon (D:15)
  8 porcupines
  7 water moccasins
  Purgy (Sewer)
  4 ice beasts
  2 black bears
  18 orc warriors
  A sky beast (D:9)
  13 ogres
  4 phantoms
  A necrophage (D:11)
  14 centaurs
  16 wolves
  2 big kobolds
  9 crocodiles
  15 bullfrogs
  An earth elemental (D:14)
  A scorpion (D:11)
  30 killer bees
  13 wights
  A howler monkey (D:6)
  8 crimson imps
  5 centaur zombies
  3 bullfrog zombies
  6 centaur skeletons
  7 hounds
  2 jellies
  35 orc priests
  2 bullfrog skeletons
  Crazy Yiuf (D:3)
  Jessica (D:3)
  An iguana (D:5)
  5 worker ants
  Natasha (twice) (D:3)
  18 orc wizards
  A hound skeleton (D:10)
  A howler monkey zombie (D:10)
  A howler monkey skeleton (D:11)
  4 gnolls (D:11)
  12 adders
  2 shadow imps
  An ooze (D:5)
  2 worms
  4 dart slugs
  5 leopard geckos
  97 orcs
  9 giant cockroaches
  6 goblins
  8 hobgoblins
  7 jackals
  4 quokkas
  6 ball pythons (D:2)
  A ball python skeleton (D:4)
  13 bats
  4 frilled lizards
  21 kobolds
  A quokka skeleton (D:5)
  12 rats
  A fungus (Lair:6)
  A plant (Shoals:2)
809 creatures vanquished.

Vanquished Creatures (collateral kills)
  A satyr (Shoals:2)
  3 fauns (Shoals:2)
  A water nymph (Shoals:2)
  A merfolk (Shoals:2)
6 creatures vanquished.

Vanquished Creatures (others)
  A fire giant (D:15)
  8 hydras
  A catoblepas (Lair:2)
  An oklob plant (Lair:6)
  A manticore (Lair:6)
  A deep elf mage (D:15)
  A spiny frog (Lair:1)
  A merfolk (Shoals:2)
  A queen bee (D:8)
  An air elemental (D:14)
  A water elemental (D:14)
  A centaur (D:6)
  A bullfrog (D:14)
  An orc (D:12)
  3 fungi
  9 plants
33 creatures vanquished.

Grand Total: 848 creatures vanquished

Notes
Turn   | Place    | Note
-------+----------+-------------------------------------------
     0 | Abyss:1  | Gargoyl the Centaur Abyssal Knight began the quest for the
                  | Orb.
     0 | Abyss:1  | Reached XP level 1. HP: 19/19 MP: 2/2
    11 | Abyss:2  | Found a shimmering blue altar of Sif Muna.
    76 | Abyss:2  | Noticed a large abomination
    85 | Abyss:2  | Noticed a ynoxinul
    87 | Abyss:2  | Noticed an iron imp
    98 | Abyss:2  | Noticed a small abomination
   108 | Abyss:2  | Noticed a green death
   110 | D:1      | Escaped the Abyss
   394 | D:1      | Reached * piety under Lugonu
   498 | D:1      | Reached XP level 2. HP: 19/26 MP: 3/3
   603 | D:1      | You fall into a shaft and drop 1 floor!
  1098 | D:3      | Noticed Jessica
  1101 | D:3      | Killed Jessica
  1101 | D:3      | Reached skill level 1 in Dodging
  1101 | D:3      | Reached XP level 3. HP: 17/31 MP: 4/4
  1251 | D:3      | Reached XP level 4. HP: 33/38 MP: 5/5
  1331 | D:3      | Found a runed translucent door.
  1332 | D:3      | Noticed Crazy Yiuf
  1340 | D:3      | Killed Crazy Yiuf
  1859 | D:3      | Noticed Natasha
  1867 | D:3      | Killed Natasha
  2036 | D:2      | Reached XP level 5. HP: 41/45 MP: 7/7
  2289 | D:2      | Gained mutation: Your spells are a little easier to cast,
                  | but a little less powerful. [potion of mutation]
  2289 | D:2      | Gained mutation: Scrolls take you a little longer to read.
                  | [potion of mutation]
  2289 | D:2      | Gained mutation: Scrolls take you longer to read. [potion
                  | of mutation]
  2289 | D:2      | Gained mutation: Your flesh is heat resistant. (rF+)
                  | [potion of mutation]
  2303 | D:2      | Reached ** piety under Lugonu
  3463 | D:2      | Lost mutation: Scrolls take you longer to read. [potion of
                  | mutation]
  3463 | D:2      | Lost mutation: Your flesh is heat resistant. (rF+) [potion
                  | of mutation]
  3463 | D:2      | Lost mutation: Scrolls take you a little longer to read.
                  | [potion of mutation]
  3463 | D:2      | Gained mutation: You are covered in fur. (AC +1) [potion of
                  | mutation]
  3463 | D:2      | Gained mutation: You are weak. (Str -2) [potion of
                  | mutation]
  3463 | D:2      | Gained mutation: You evolve. [potion of mutation]
  3586 | D:2      | Reached XP level 6. HP: 51/52 MP: 8/8
  3886 | D:2      | Found a shattered altar of Ashenzari.
  3986 | D:3      | Noticed Natasha
  3997 | D:3      | Killed Natasha
  4674 | D:4      | Reached *** piety under Lugonu
  4937 | D:4      | Found a glowing drain.
  4953 | Sewer    | Entered a sewer
  5058 | Sewer    | Gained mutation: Your body sometimes deteriorates upon
                  | taking damage. [evolution]
  5158 | Sewer    | Lost mutation: You are weak. (Str -2) [potion of mutation]
  5158 | Sewer    | Lost mutation: You evolve. [potion of mutation]
  5158 | Sewer    | Gained mutation: Your body often deteriorates upon taking
                  | damage. [potion of mutation]
  5158 | Sewer    | Gained mutation: You are partially covered in slimy green
                  | scales. (AC +2) [potion of mutation]
  5158 | Sewer    | Gained mutation: Your mind is acute. (Int +2) [potion of
                  | mutation]
  5198 | Sewer    | Noticed Purgy
  5232 | Sewer    | Killed Purgy
  5232 | Sewer    | Reached XP level 7. HP: 29/58 MP: 9/9
  5254 | Sewer    | Identified the Compendium of the Cankerous Birds
  5828 | D:5      | Entered Level 5 of the Dungeon
  6103 | D:5      | Found a staircase to the Ecumenical Temple.
  6517 | D:5      | Found an iron altar of Okawaru.
  6992 | D:5      | Found a sparkling altar of Nemelex Xobeh.
  7029 | D:5      | Reached XP level 8. HP: 66/66 MP: 11/11
  8195 | D:7      | Noticed Harold
  8206 | D:7      | Killed Harold
  8206 | D:7      | Reached skill level 5 in Axes
  8206 | D:7      | Reached skill level 1 in Throwing
  8206 | D:7      | Reached skill level 5 in Armour
  8206 | D:7      | Reached skill level 5 in Invocations
  8533 | D:7      | Reached XP level 9. HP: 70/73 MP: 12/12
  9178 | D:8      | Reached skill level 5 in Fighting
  9182 | D:8      | Noticed a queen bee
 10500 | D:8      | Reached **** piety under Lugonu
 10699 | D:8      | Banished a queen bee
 11130 | D:8      | Reached XP level 10. HP: 79/81 MP: 14/14
 11371 | D:9      | Found Zilli's Magic Scroll Shop.
 11546 | D:9      | Bought a scroll of enchant weapon for 97 gold pieces
 11568 | D:9      | Noticed a two-headed ogre
 11582 | D:9      | Killed a two-headed ogre
 11582 | D:9      | Reached skill level 1 in Shields
 12031 | D:9      | Noticed Maurice
 12158 | D:9      | Killed Maurice
 12304 | D:9      | Noticed a two-headed ogre
 12317 | D:9      | Killed a two-headed ogre
 12553 | D:10     | Entered Level 10 of the Dungeon
 12664 | D:10     | Found a staircase to the Lair.
 13140 | D:10     | Reached XP level 11. HP: 57/89 MP: 16/16
 13394 | D:10     | Noticed a tengu warrior
 13407 | D:10     | Killed a tengu warrior
 13486 | D:10     | Reached ***** piety under Lugonu
 13891 | Lair:1   | Entered Level 1 of the Lair of Beasts
 13891 | Lair:1   | Noticed a five-headed hydra
 13892 | Lair:1   | Banished a five-headed hydra
 14939 | Lair:1   | Noticed Gastronok
 14961 | Lair:1   | Killed Gastronok
 16141 | Lair:2   | HP: 2/91 [blink frog (8)]
 16435 | Lair:2   | Noticed a catoblepas
 16441 | Lair:2   | Banished a catoblepas
 16745 | Lair:2   | Reached XP level 12. HP: 53/97 MP: 18/18
 18028 | Lair:3   | Reached skill level 10 in Axes
 19077 | Lair:4   | Reached skill level 5 in Shields
 19371 | Lair:4   | Noticed a seven-headed hydra
 19387 | Lair:4   | Banished a seven-headed hydra
 19652 | Lair:4   | Found a staircase to the Shoals.
 19656 | Lair:4   | Noticed a four-headed hydra
 19671 | Lair:4   | Banished a four-headed hydra
 20361 | Lair:4   | Found a hole to the Spider Nest.
 21598 | Lair:5   | Reached XP level 13. HP: 79/107 MP: 20/20
 22340 | Lair:6   | Entered Level 6 of the Lair of Beasts
 22386 | Lair:6   | Found a staircase to the Slime Pits.
 22387 | Lair:6   | Found a viscous altar of Jiyva.
 22549 | Lair:6   | Reached skill level 10 in Invocations
 23448 | Lair:6   | Reached skill level 10 in Armour
 25757 | Lair:6   | Found the +1 cloak of Starlight {rElec rC+ EV+4 Stlth--}
 26419 | D:11     | Reached XP level 14. HP: 87/116 MP: 22/22
 27038 | D:12     | Found a staircase to the Orcish Mines.
 27144 | D:12     | Found Nora's Book Shoppe.
 27194 | D:12     | Found a frozen archway.
 27242 | IceCv    | Entered an ice cave
 27449 | IceCv    | Lost mutation: Your spells are a little easier to cast, but
                  | a little less powerful. [potion of mutation]
 27449 | IceCv    | Lost mutation: Your mind is acute. (Int +2) [potion of
                  | mutation]
 27449 | IceCv    | Lost mutation: You are partially covered in slimy green
                  | scales. (AC +2) [potion of mutation]
 27449 | IceCv    | Lost mutation: You are covered in fur. (AC +1) [potion of
                  | mutation]
 27449 | IceCv    | Lost mutation: Your body often deteriorates upon taking
                  | damage. [potion of mutation]
 27449 | IceCv    | Gained mutation: You possess an exceptional clarity of
                  | mind. [potion of mutation]
 27449 | IceCv    | Gained mutation: Your spells are a little easier to cast,
                  | but a little less powerful. [potion of mutation]
 27449 | IceCv    | Gained mutation: Your muscles are strong. (Str +2) [potion
                  | of mutation]
 27450 | IceCv    | Lost mutation: Your muscles are strong. (Str +2) [potion of
                  | mutation]
 27450 | IceCv    | Lost mutation: Your body sometimes deteriorates upon taking
                  | damage. [potion of mutation]
 27450 | IceCv    | Lost mutation: You possess an exceptional clarity of mind.
                  | [potion of mutation]
 27450 | IceCv    | Gained mutation: Your flesh is cold resistant. (rC+)
                  | [potion of mutation]
 27450 | IceCv    | Gained mutation: Your mind is acute. (Int +2) [potion of
                  | mutation]
 27450 | IceCv    | Gained mutation: You are surrounded by a mild repulsion
                  | field. (EV +2) [potion of mutation]
 27451 | IceCv    | Lost mutation: Your mind is acute. (Int +2) [potion of
                  | mutation]
 27451 | IceCv    | Lost mutation: You are surrounded by a mild repulsion
                  | field. (EV +2) [potion of mutation]
 27451 | IceCv    | Gained mutation: You are partially covered in molten
                  | scales. (AC +2) [potion of mutation]
 27451 | IceCv    | Gained mutation: You are surrounded by a mild repulsion
                  | field. (EV +2) [potion of mutation]
 28141 | IceCv    | Found the +7 mace of Variability {chain chaos}
 28145 | IceCv    | Got an ancient halberd
 28153 | IceCv    | Got a bloodstained great mace
 28439 | D:12     | Identified the cursed +3 halberd of Ash {drain, rPois Int+2
                  | Dex+2} (You found it in an ice cave)
 28441 | D:12     | Identified the cursed +1 great mace "Zoweo" {vamp, rC++
                  | Str+2} (You found it in an ice cave)
 28682 | D:12     | Noticed Frances
 28706 | D:12     | Killed Frances
 28710 | D:12     | HP: 2/116 [orc priest/divine providence (12)]
 29319 | D:12     | Got a translucent plate armour
 29369 | D:12     | Identified the +7 plate armour of the Shining Light {Str-2
                  | Int+7} (You found it on level 12 of the Dungeon)
 29673 | D:12     | Noticed Erolcha
 29685 | D:12     | Killed Erolcha
 30660 | D:13     | Found a large runed translucent door.
 30661 | D:13     | Found a large runed translucent door.
 31377 | D:14     | Found a large runed translucent door.
 31377 | D:14     | Found a large runed translucent door.
 31969 | D:14     | Reached XP level 15. HP: 123/124 MP: 24/24
 32139 | D:14     | Found a gate to the Vaults.
 32526 | D:15     | Entered Level 15 of the Dungeon
 33268 | D:15     | Noticed Louise
 33488 | D:15     | Reached ****** piety under Lugonu
 33582 | D:15     | Killed Louise
 33802 | D:15     | Noticed Rupert
 33803 | D:15     | Noticed Josephine
 33809 | D:15     | Paralysed by Rupert for 6 turns
 33866 | D:14     | Killed Rupert
 34137 | D:14     | Killed Josephine
 34182 | D:15     | Found a staircase to the Depths.
 34182 | D:15     | Noticed a fire giant
 34211 | D:15     | HP: 1/125 [fire giant/fireball (37)]
 34464 | D:15     | Escaped the Abyss
 34465 | D:15     | Banished a fire giant
 35028 | Orc:1    | Entered Level 1 of the Orcish Mines
 35048 | Orc:1    | You fall into a shaft and drop 1 floor!
 35048 | Orc:2    | Entered Level 2 of the Orcish Mines
 35050 | Orc:2    | Found a bloodstained altar of Trog.
 35056 | Orc:1    | Noticed Urug
 35069 | Orc:1    | Killed Urug
 35375 | Orc:2    | Found a runed translucent gate.
 35375 | Orc:2    | Found a runed translucent gate.
 35375 | Orc:2    | Found a runed translucent gate.
 35375 | Orc:2    | Noticed endorz's ghost (journeyman FeFi)
 36101 | Orc:2    | Found a staircase to the Elven Halls.
 36216 | Orc:2    | Noticed an orc warlord
 36256 | Orc:1    | Killed an orc warlord
 37185 | Orc:2    | Gained mutation: You occasionally shout uncontrollably at
                  | your foes. [a neqoxec]
 37819 | Orc:2    | Found a roughly hewn altar of Beogh.
 37843 | Orc:2    | Found Xiuk's Magic Scroll Emporium.
 37843 | Orc:2    | Found Peon's General Store.
 37872 | Orc:2    | Bought a scroll of blinking for 97 gold pieces
 37881 | Orc:2    | Bought 2 scrolls of enchant weapon for 165 gold pieces
 37992 | Orc:2    | Found Ughaiz's Armour Boutique.
 37992 | Orc:2    | Found Ameemeip's Weapon Emporium.
 38150 | Orc:2    | Reached skill level 10 in Shields
 38256 | Orc:1    | Banished endorz's ghost
 38257 | Orc:1    | Upgraded the game from 0.26-a0-154-g3d63440f56 to
                  | 0.26-a0-163-g6c8a0bf695
 38721 | Spider:1 | Entered Level 1 of the Spider Nest
 38891 | Spider:1 | Lost mutation: You occasionally shout uncontrollably at
                  | your foes. [potion of mutation]
 38891 | Spider:1 | Lost mutation: You are surrounded by a mild repulsion
                  | field. (EV +2) [potion of mutation]
 38891 | Spider:1 | Lost mutation: You are partially covered in molten scales.
                  | (AC +2) [potion of mutation]
 38891 | Spider:1 | Gained mutation: You tend to lose your temper in combat.
                  | [potion of mutation]
 38891 | Spider:1 | Lost mutation: Your flesh is cold resistant. (rC+) [potion
                  | of mutation]
 38891 | Spider:1 | Gained mutation: Your mind is acute. (Int +2) [potion of
                  | mutation]
 38891 | Spider:1 | Lost mutation: You tend to lose your temper in combat.
                  | [potion of mutation]
 38934 | Shoals:1 | Entered Level 1 of the Shoals
 39432 | Shoals:1 | Reached XP level 16. HP: 134/134 MP: 25/25
 40245 | Shoals:2 | Reached skill level 10 in Fighting
 40814 | Shoals:2 | Found a transporter.
 40867 | Shoals:2 | Noticed Jorgrun
 40884 | Shoals:2 | Killed Jorgrun
 41346 | Shoals:2 | Identified the ring of the Saving Pariah {rC+ Int+4}
 41351 | Shoals:2 | Found a transporter.
 42369 | Spider:1 | Found a runed translucent door.
 42561 | Spider:1 | HP: 3/134 [+0 war axe (12)]
 42572 | Spider:1 | HP: 4/134 [+0 war axe (5)]
 42573 | Spider:1 | Slain by a +0 war axe

Illustrated notes

Levels and vault maps discovered:
D:1:      kilobyte_arrival_exit_the_forest, layout_loops_ring
D:2:      layout_basic, lemuel_coloured_pillars_altar, minmay_shallow_snake_nest
D:3:      layout_loops_corners, first_ration, uniq_crazy_yiuf_cottage,
          uniq_natasha, uniq_jessica
D:4:      layout_cave_pools, portal_sewer_entry_d, grunt_ministairs_5,
          minmay_misc_feat_ornament
D:5:      layout_basic, lemuel_crystal_altar, minmay_temple_entry_glassed_door,
          nemelex_dance_club_becter
D:6:      layout_loops_ring, grunt_ministairs_15, lemuel_flamethrower_2
D:7:      layout_basic, uniq_harold
D:8:      layout_cave_pods, david_nohive_1
D:9:      layout_cave_pools, serial_shops, shop, dk_rats_in_the_wall,
          uniq_maurice
D:10:     minmay_imperfect_grid, layout_basic
D:11:     layout_basic
D:12:     layout_loops_cross, david_orc_2, portal_ice_cave_entry_pillars_2,
          serial_shops, kennysheep_mini_moat, uniq_frances, uniq_erolcha
D:13:     doesnt_quadruple_sword, layout_gridville
D:14:     layout_rooms, grunt_vaults_entry_tiered,
          hangedman_abyss_or_decor_lesser_grid, lightli_elemental_guards
D:15:     grunt_enter_depths_giant_problem, layout_basic, special_room
          [special_room_orc], fountainhead, uniq_louise, uniq_josephine,
          uniq_rupert
Lair:1:   layout_regular_city, serial_bayou_shore_b, uniq_gastronok
Lair:2:   layout_long_grid
Lair:3:   layout_small_grid
Lair:4:   layout_layer_cave, minmay_shoals_entry_centaurs, dummy_spider_entry,
          grunt_megastairs_5
Lair:5:   layout_cellular_growth
Lair:6:   evilmike_catoblepas_cave, layout_regular_city, slime_altar_1,
          st_stairs_9
Shoals:1: layout_shoals
Shoals:2: gammafunk_the_bubble [the_bubble_gammafunk_split], layout_shoals,
          uniq_jorgrun
Spider:1: cheibrodos_spider_deadly_dance
Orc:1:    layout_caves, uniq_urug
Orc:2:    st_orc_town, layout_caves, gammafunk_ghost_split, bloody_trog

Skill      XL: |  1  2  3  4  5  6  7  8  9 10 11 12 13 14 15 16 |
---------------+-------------------------------------------------+-----
Axes           | 2 3 4 5 7 8 9 10 11 12 13 | 13.2
Armour         | 2 3 4 5 6 7 8 9 10 11 | 11.7
Dodging        | 1 2 3 4 |  4.8
Invocations    | 3 4 5 6 7 8 9 11 12 13 | 13.3
Fighting       | 4 5 6 7 8 9 10 | 10.2
Throwing       | 1 2 |  2.7
Shields        | 2 3 5 6 8 10 11 | 11.3

Action                   |  1- 3 |  4- 6 |  7- 9 | 10-12 | 13-15 | 16-18 || total
-------------------------+-------+-------+-------+-------+-------+-------++-------
Melee: Hand axe          |    61 |   228 |   141 |       |  1004 |   352 ||  1786
       Kick              |    15 |    64 |   107 |   325 |   843 |   178 ||  1532
       Unarmed           |       |       |     3 |       |       |       ||     3
       War axe           |       |       |   157 |   653 |   725 |       ||  1535
Throw: Javelin           |       |     3 |     8 |    15 |    26 |       ||    52
Invok: Depart the Abyss  |     1 |       |       |       |     1 |       ||     2
       Banish            |       |       |     1 |     6 |    16 |     6 ||    29
       Bend Space        |       |       |       |     1 |     1 |       ||     2
       Enter the Abyss   |       |       |       |       |     1 |       ||     1
Evoke: Wand              |       |       |       |       |     1 |       ||     1
  Use: Potion            |     1 |     6 |     4 |     4 |    12 |     4 ||    31
       Scroll            |       |    10 |     8 |    18 |    13 |     4 ||    53
 Stab: Invisible         |       |       |     4 |       |       |       ||     4
  Eat: Chunk             |     1 |    10 |    11 |    29 |    56 |    10 ||   117
       Ration            |       |       |     2 |     1 |       |       ||     3
Armor: Chain mail        |    61 |   281 |   267 |   407 |   304 |       ||  1320
       Plate armour      |       |       |       |       |   231 |   160 ||   391
Dodge: Dodged            |    16 |    67 |   141 |   204 |   411 |    84 ||   923
Block: Buckler           |       |       |     1 |   330 |       |       ||   331
       Reflection        |       |       |       |     5 |    48 |    16 ||    69
       Kite shield       |       |       |       |       |   911 |       ||   911
       Tower shield      |       |       |       |       |   436 |   397 ||   833

Table legend:
 A = Non-vault XP
 B = Vault XP
 C = Vault XP percentage of total XP
 D = Non-vault monster count
 E = Vault monster count
 F = Vault count percentage of total count
                 A         B        C        D         E       F
            +---------+---------+-------+---------+---------+-------
      Total |  116101 |   70216 |  37.7 |     549 |     281 |  33.9
            +---------+---------+-------+---------+---------+-------
        D:1 |      48 |       0 |   0.0 |      27 |       0 |   0.0
        D:2 |     137 |      21 |  13.3 |      23 |       7 |  23.3
        D:3 |     115 |     109 |  48.7 |      22 |       3 |  12.0
        D:4 |     180 |      15 |   7.7 |      11 |       2 |  15.4
        D:5 |     588 |     138 |  19.0 |      13 |       2 |  13.3
        D:6 |       0 |      95 | 100.0 |       0 |       2 | 100.0
        D:7 |     697 |     965 |  58.1 |      10 |       1 |   9.1
        D:8 |    1135 |    1200 |  51.4 |      25 |      16 |  39.0
        D:9 |    3201 |     485 |  13.2 |      26 |       1 |   3.7
       D:10 |     541 |    2871 |  84.1 |       6 |      22 |  78.6
       D:11 |    6677 |       6 |   0.1 |      45 |       2 |   4.3
       D:12 |    4108 |    3237 |  44.1 |      30 |       6 |  16.7
       D:13 |    7022 |    3616 |  34.0 |      21 |       4 |  16.0
       D:14 |    6176 |   10734 |  63.5 |      27 |      31 |  53.4
       D:15 |   11977 |    5529 |  31.6 |      25 |      29 |  53.7
     Lair:1 |    2520 |    2005 |  44.3 |      10 |       1 |   9.1
     Lair:2 |    5619 |       0 |   0.0 |      20 |       0 |   0.0
     Lair:3 |    6338 |       0 |   0.0 |      17 |       0 |   0.0
     Lair:4 |    6223 |    1785 |  22.3 |      18 |       5 |  21.7
     Lair:5 |    5094 |       0 |   0.0 |      14 |       0 |   0.0
     Lair:6 |    8205 |   11357 |  58.1 |      29 |      25 |  46.3
   Shoals:1 |   10791 |       0 |   0.0 |      21 |       0 |   0.0
   Shoals:2 |   15604 |    2986 |  16.1 |      35 |       1 |   2.8
   Spider:1 |    8349 |    3107 |  27.1 |      25 |       8 |  24.2
      Orc:1 |    2708 |    3081 |  53.2 |       9 |      10 |  52.6
      Orc:2 |    2048 |    7959 |  79.5 |      40 |      61 |  60.4
      Sewer |       0 |     144 | 100.0 |       0 |       6 | 100.0
      IceCv |       0 |    8771 | 100.0 |       0 |      36 | 100.0
            +---------+---------+-------+---------+---------+-------
